 Dungeon Crawl Stone Soup version 0.30-a0-170-g85af917532 (webtiles) character file.

Game seed: 4861253817049916596

547 qw the Chopper (level 7, -2/44 HPs)
             Began as a Gargoyle Fighter on Sept 30, 2022.
             Slain by Crazy Yiuf
             ... wielding a +3 quarterstaff of chaos
              (5 damage)
             ... on level 5 of the Dungeon.
             The game lasted 00:01:29 (4907 turns).

qw the Chopper (Gargoyle Fighter)                   Turns: 4907, Time: 00:01:29

Health: -2/44      AC: 16    Str: 21    XL:     7   Next: 28%
Magic:  7/7        EV:  7    Int:  9    God:
Gold:   236        SH:  4    Dex:  9    Spells: 6/6 levels left

rFire   + . .      SeeInvis .    Y - +0 war axe
rCold   . . .      Faith    .    c - +0 buckler
rNeg    + . .      Spirit   .    a - +0 chain mail
rPois   inf        Reflect  .    (no helmet)
rElec   +          Harm     .    (no cloak)
rCorr   .          Rampage  .    m - +1 pair of gloves
Will    .....                    (no boots)
Stlth   ..........               (no amulet)
HPRegen 0.14/turn                o - ring of protection from fire
MPRegen 0.10/turn                (no ring)

@: no status effects
A: sickness immunity, AC +4, negative energy resistance 1, electricity
resistance, torment resistance 1, petrification resistance
a: no special abilities


You were on level 5 of the Dungeon.
You visited 1 branch of the dungeon, and saw 5 of its levels.

You collected 236 gold pieces.


Innate Abilities, Weirdness & Mutations

You are immune to sickness and miasma.
Your stone body is resilient. (AC +4)
You are immune to poison.
You resist negative energy. (rN+)
You are resistant to electric shocks. (rElec)
You are resistant to unholy torment.
You are immune to petrification.


   Skills:
 - Level 4.6 Fighting
 - Level 6.5 Axes
 - Level 3.2 Armour
 + Level 0.3 Dodging
 - Level 3.2 Shields


You had 6 spell levels left.
You didn't know any spells.
Your spell library was empty.

Inventory:

Hand Weapons
 k - a +0 flail
 Y - a +0 war axe (weapon)
Armour
 a - a +0 chain mail (worn)
 c - a +0 buckler (worn)
 m - a +1 pair of gloves (worn)
Jewellery
 j - a ring of ice
 o - a ring of protection from fire (left hand)
Scrolls
 n - a scroll of identify
Potions
 d - 4 potions of might
 e - a potion of curing
 g - a potion of lignification
 i - a potion of attraction {unknown}
 l - a potion of magic {unknown}
 r - a potion of haste {unknown}

Dungeon Overview and Level Annotations

Branches:
Dungeon (5/15)
 Temple: D:4-7

Altars:
Gozag
Nemelex Xobeh
Qazlal
Ru
Trog

Shops:
D:1 [

Annotations:
D:5 1 runed translucent door, Crazy Yiuf


Message History

You feel strangely unstable.
Eustachio casts a spell.
Eustachio blinks!
You block the ufetubus's attack.
The ufetubus hits you but does no damage.
The shadow imp hits you but does no damage.
You slash the iron imp!
The iron imp is severely wounded.
You hit the shadow imp. You barely miss the ufetubus.
You block the ufetubus's attack.
The ufetubus hits you but does no damage.
The iron imp hits you but does no damage.
The shadow imp hits you but does no damage.
The ufetubus closely misses you.
The ufetubus hits you but does no damage.
Eustachio hits you with a +0 rapier.
You barely miss the iron imp.
The iron imp is severely wounded.
You barely miss the shadow imp. You closely miss the ufetubus.
You slash Eustachio! You block the ufetubus's attack.
The ufetubus hits you but does no damage.
The iron imp barely misses you.
The shadow imp hits you but does no damage.
Eustachio hits you with a +0 rapier. The ufetubus closely misses you.
The ufetubus hits you but does no damage.
You slash Eustachio!
You kill Eustachio!
The ufetubus disappears in a puff of smoke!
The iron imp disappears in a puff of smoke!
The shadow imp disappears in a puff of smoke!
Your Axes skill increases to level 6!
You have reached level 7!
You start resting.
Your surroundings suddenly seem different.
Crazy Yiuf the Enlightened comes into view.
He is wielding a +3 quarterstaff of chaos.
Found a runed hammer.
Crazy Yiuf shouts!
Crazy Yiuf hits you with a +3 quarterstaff of chaos.
You closely miss Crazy Yiuf.
Crazy Yiuf hits you with a +3 quarterstaff of chaos.
You die... 77

7.
##+##
#...#
#..@#
#)g.#
#####


You could see Crazy Yiuf.

Vanquished Creatures
  Sigmund (D:5)
  Eustachio (D:5)
  A scorpion (D:4)
  Natasha (twice) (D:4)
  7 adders
  A white imp (D:5)
  2 worms
  4 dart slugs
  10 orcs
  5 endoplasms
  2 giant cockroaches
  4 goblins
  7 hobgoblins
  2 quokkas
  7 ball pythons
  6 bats
  A frilled lizard (D:2)
  2 kobolds
  5 rats
70 creatures vanquished.

Notes
Turn   | Place    | Note
-------+----------+-------------------------------------------
     0 | D:1      | qw the Gargoyle Fighter began the quest for the Orb.
     0 | D:1      | Reached XP level 1. HP: 14/14 MP: 1/1
     0 | D:1      | 0 ||| qw: Version: 0.2-a-12-gaebbb33
     0 | D:1      | 0 ||| qw: Game counter: 1648
     0 | D:1      | 0 ||| qw: Always use a shield: true
     0 | D:1      | 0 ||| qw: God list: Okawaru
     0 | D:1      | 0 ||| qw: Allow faded altars: false
     0 | D:1      | 0 ||| qw: Do Orc after D:15 true
     0 | D:1      | 0 ||| qw: Do second Lair branch before Depths: true
     0 | D:1      | 0 ||| qw: Lair rune preference: random
     0 | D:1      | 0 ||| qw: Plans: Normal, Zot:1-4, God:TSO, Crypt, Tomb,
                  | Pan, Slime:5, Hells, Abyss, Orb
     0 | D:1      | 0 ||| PLANNING D:1-11
    32 | D:1      | Reached skill level 2 in Axes
   126 | D:1      | Reached XP level 2. HP: 18/19 MP: 2/2
   269 | D:1      | Found Ziunoixi's Armour Shop.
   281 | D:1      | 281 ||| SHOPLISTING +0 pair of gloves (63 gold, have 29).
   281 | D:1      | 281 ||| SHOPLISTING +2 chain mail of willpower (301 gold,
                  | have 29).
   281 | D:1      | 281 ||| SHOPLISTING +3 chain mail of cold resistance (371
                  | gold, have 29).
   965 | D:1      | 965 ||| DROPPING amulet of magic regeneration.
   966 | D:1      | 966 ||| READING scroll labelled VURUOLIQUS.
   967 | D:1      | 967 ||| READING scroll labelled CAKYTO TOCSA.
   968 | D:1      | 968 ||| DRINKING 2 brown potions.
   969 | D:1      | 969 ||| DROPPING potion of brilliance.
   999 | D:2      | Reached skill level 3 in Axes
  1093 | D:2      | Reached XP level 3. HP: 15/23 MP: 3/3
  1531 | D:2      | 1531 ||| Stepping ~*~*~tactically~*~*~ (hiding).
  1532 | D:2      | 1532 ||| Stepping ~*~*~tactically~*~*~ (hiding).
  1717 | D:2      | 1717 ||| Stepping ~*~*~tactically~*~*~ (stealth).
  1718 | D:2      | 1718 ||| Stepping ~*~*~tactically~*~*~ (stealth).
  1783 | D:2      | Found a sacrificial altar of Ru.
  2182 | D:2      | 2182 ||| UPGRADING to +0 pair of gloves.
  2187 | D:2      | 2187 ||| DROPPING ring of wizardry.
  2188 | D:2      | 2188 ||| READING scroll labelled QAIMEB SEST.
  2189 | D:2      | 2189 ||| READING 2 scrolls labelled TERICKUTIS.
  2193 | D:2      | 2193 ||| DRINKING 2 red potions.
  2248 | D:3      | Reached XP level 4. HP: 25/28 MP: 4/4
  2314 | D:3      | 2314 ||| Stepping ~*~*~tactically~*~*~ (stealth).
  2318 | D:3      | 2318 ||| Stepping ~*~*~tactically~*~*~ (stealth).
  2319 | D:3      | 2319 ||| Stepping ~*~*~tactically~*~*~ (stealth).
  2326 | D:3      | 2326 ||| DROPPING +0 club.
  2341 | D:3      | 2341 ||| DROPPING +0 mace.
  2396 | D:3      | 2396 ||| Stepping ~*~*~tactically~*~*~ (stealth).
  2441 | D:3      | Reached skill level 4 in Axes
  2776 | D:3      | Found an opulent altar of Gozag.
  2787 | D:3      | 2787 ||| READING scroll of enchant armour.
  2787 | D:3      | 2787 ||| ENCHANTING +0 pair of gloves.
  2889 | D:3      | 2889 ||| Stepping ~*~*~tactically~*~*~ (hiding).
  3438 | D:3      | 3438 ||| UPGRADING to ring of protection from fire.
  3439 | D:3      | 3439 ||| READING 3 scrolls labelled TUTIGRULAF.
  3440 | D:3      | 3440 ||| READING scroll labelled HUNWEO QOENIZXA.
  3541 | D:3      | 3541 ||| READING scroll labelled BITARO EMEAMU.
  3542 | D:3      | 3542 ||| READING scroll labelled EKLUPS GERGHE.
  3543 | D:3      | 3543 ||| READING 2 scrolls of identify.
  3543 | D:3      | 3543 ||| IDENTIFYING fuming black potion
  3544 | D:3      | 3544 ||| DROPPING potion of invisibility.
  3545 | D:3      | 3545 ||| DROPPING 2 scrolls of noise.
  3554 | D:4      | 3554 ||| Stepping ~*~*~tactically~*~*~ (stealth).
  3597 | D:4      | 3597 ||| Stepping ~*~*~tactically~*~*~ (hiding).
  3708 | D:4      | Reached XP level 5. HP: 30/32 MP: 5/5
  3766 | D:4      | 3766 ||| Stepping ~*~*~tactically~*~*~ (hiding).
  3885 | D:4      | Noticed Natasha
  3890 | D:4      | Killed Natasha
  4004 | D:4      | Reached skill level 5 in Axes
  4163 | D:4      | Noticed Natasha
  4164 | D:4      | 4164 ||| Stepping ~*~*~tactically~*~*~ (stealth).
  4167 | D:4      | 4167 ||| Stepping ~*~*~tactically~*~*~ (hiding).
  4175 | D:4      | Killed Natasha
  4295 | D:4      | Reached XP level 6. HP: 26/39 MP: 6/6
  4679 | D:4      | 4679 ||| UPGRADING to +0 chain mail.
  4689 | D:4      | 4689 ||| DROPPING +0 scale mail.
  4690 | D:4      | 4690 ||| READING 2 scrolls of identify.
  4690 | D:4      | 4690 ||| IDENTIFYING yellow potion
  4716 | D:4      | 4716 ||| STAIRDANCE
  4720 | D:4      | 4720 ||| STAIRDANCE
  4724 | D:4      | 4724 ||| STAIRDANCE
  4728 | D:4      | 4728 ||| STAIRDANCE
  4732 | D:4      | 4732 ||| STAIRDANCE
  4736 | D:4      | 4736 ||| STAIRDANCE
  4740 | D:4      | 4740 ||| STAIRDANCE
  4744 | D:4      | 4744 ||| STAIRDANCE
  4748 | D:4      | 4748 ||| STAIRDANCE
  4752 | D:4      | 4752 ||| STAIRDANCE
  4756 | D:4      | 4756 ||| STAIRDANCE
  4760 | D:4      | 4760 ||| STAIRDANCE
  4764 | D:4      | 4764 ||| STAIRDANCE
  4768 | D:4      | 4768 ||| STAIRDANCE
  4772 | D:4      | 4772 ||| STAIRDANCE
  4776 | D:4      | 4776 ||| STAIRDANCE
  4780 | D:4      | 4780 ||| STAIRDANCE
  4784 | D:4      | 4784 ||| STAIRDANCE
  4788 | D:4      | 4788 ||| STAIRDANCE
  4792 | D:4      | 4792 ||| STAIRDANCE
  4852 | D:3      | Found a bloodstained altar of Trog.
  4852 | D:3      | Found a stormy altar of Qazlal.
  4855 | D:3      | Found a sparkling altar of Nemelex Xobeh.
  4876 | D:5      | Entered Level 5 of the Dungeon
  4876 | D:5      | Noticed Eustachio
  4877 | D:5      | 4877 ||| Stepping ~*~*~tactically~*~*~ (hiding).
  4879 | D:5      | 4879 ||| Stepping ~*~*~tactically~*~*~ (hiding).
  4883 | D:5      | Noticed Sigmund
  4895 | D:5      | Killed Sigmund
  4901 | D:5      | HP: 8/39 [Eustachio/+0 rapier (3)]
  4902 | D:5      | 4902 ||| READING scroll of teleportation.
  4905 | D:5      | Killed Eustachio
  4906 | D:5      | Reached skill level 6 in Axes
  4906 | D:5      | Reached XP level 7. HP: 5/44 MP: 7/7
  4906 | D:5      | Found a runed translucent door.
  4906 | D:5      | Noticed Crazy Yiuf
  4906 | D:5      | HP: 3/44 [Crazy Yiuf/+3 quarterstaff of chaos (2)]
  4907 | D:5      | Slain by Crazy Yiuf

Levels and vault maps discovered:
D:1:      saegor_arrival_simple_c, layout_loops_corners, serial_shops,
          nicolae_square_shop, item_on_display_a
D:2:      layout_loops_ring, basic_altar, minivault_5
D:3:      layout_loops_ring, mainiacjoe_overflow_chevrons,
          nicolae_overflow_hidden_temple
D:4:      layout_loops_ring, uniq_natasha
D:5:      layout_loops_ring, grunt_dithmenos_smoke_and_mirrors,
          minmay_temple_entry_overgrown, uniq_sigmund, uniq_eustachio,
          uniq_pikel, uniq_edmund, uniq_crazy_yiuf_cottage

Skill      XL: |  1  2  3  4  5  6 |
---------------+-------------------+-----
Axes           | 2 3 4 5 6 |  6.5
Fighting       | 4 |  4.6
Armour         | |  3.2
Dodging        | |  0.3
Shields        | |  3.2

Action                   |  1- 3 |  4- 6 |  7- 9 || total
-------------------------+-------+-------+-------++-------
Melee: War axe           |   131 |   141 |     1 ||   273
  Use: Scroll            |     4 |     8 |       ||    12
       Potion            |     2 |       |       ||     2
Armor: Scale mail        |    76 |    57 |       ||   133
       Chain mail        |       |    28 |       ||    28
Dodge: Dodged            |    80 |    59 |       ||   139
Block: Buckler           |    23 |    32 |       ||    55

Table legend:
 A = Non-vault XP
 B = Vault XP
 C = Vault XP percentage of total XP
 D = Non-vault monster count
 E = Vault monster count
 F = Vault count percentage of total count
                 A         B        C        D         E       F
            +---------+---------+-------+---------+---------+-------
      Total |     348 |     434 |  55.5 |      67 |       3 |   4.3
            +---------+---------+-------+---------+---------+-------
        D:1 |      27 |       0 |   0.0 |      17 |       0 |   0.0
        D:2 |      54 |       0 |   0.0 |      17 |       0 |   0.0
        D:3 |      62 |       0 |   0.0 |      16 |       0 |   0.0
        D:4 |     194 |      35 |  15.3 |      16 |       1 |   5.9
        D:5 |      11 |     399 |  97.3 |       1 |       2 |  66.7
            +---------+---------+-------+---------+---------+-------
